 Dungeon Crawl Stone Soup version 0.27-a0-1528-g90fbb72469 (webtiles) character file.

Game seed: 8728057748452830205

60 Brozuf the Slasher (level 3, -7/29 HPs)
             Began as a Demonspawn Monk on July 11, 2021.
             Mangled by Sigmund (11 damage)
             ... on level 3 of the Dungeon.
             The game lasted 00:05:06 (2314 turns).

Brozuf the Slasher (Demonspawn Monk)                Turns: 2314, Time: 00:05:06

Health: -7/29      AC:  9    Str: 12    XL:     3   Next: 80%
Magic:  3/3        EV:  9    Int: 11    God:
Gold:   81         SH:  0    Dex: 15    Spells: 2/2 levels left

rFire    . . .     SeeInvis .   n - +0 dagger (venom)
rCold    . . .     Faith    .   (no shield)
rNeg     . . .     Spirit   .   g - +0 scale mail
rPois    .         Reflect  .   (helmet restricted)
rElec    .         Harm     .   (no cloak)
rCorr    .         Rampage  .   (no gloves)
Will     .....                  c - +0 pair of boots
Stlth    +.........             (no amulet)
HPRegen  0.09/turn              (no ring)
MPRegen  0.08/turn              (no ring)

@: no status effects
A: antennae 1, thin metallic scales 1
a: no special abilities


You were on level 3 of the Dungeon.
You visited 1 branch of the dungeon, and saw 3 of its levels.

You collected 81 gold pieces.

Inventory:

Hand Weapons
 a - a +0 falchion
 n - a +0 dagger of venom (weapon)
   (You found it on level 3 of the Dungeon)
Armour
 c - a +0 pair of boots (worn)
   (You found it on level 1 of the Dungeon)
 g - a +0 scale mail (worn)
   (You found it on level 1 of the Dungeon)
Jewellery
 j - a ring of fire
   (You found it on level 2 of the Dungeon)
Wands
 d - a wand of iceblast (5)
   (You found it on level 2 of the Dungeon)
Scrolls
 b - a scroll of fog {unknown}
 e - 2 scrolls of teleportation {unknown}
 f - a scroll of silence {unknown}
 l - a scroll of magic mapping {unknown}
 m - 2 scrolls of identify {unknown}
Potions
 h - a potion of might {unknown}
 i - a potion of attraction {unknown}
 k - a potion of lignification {unknown}


   Skills:
 + Level 3.5 Fighting
 * Level 3.6 Long Blades
 + Level 1.3 Armour
 - Level 2.6 Dodging
 - Level 1.7 Stealth


You had 2 spell levels left.
You didn't know any spells.
Your spell library contained the following spells:

 Spells                   Type           Power      Damage    Failure   Level
 Portal Projectile        Hex/Tloc       0%         N/A       99%         3
 Blade Hands              Tmut           0%         N/A       100%        5
 Excruciating Wounds      Necr           0%         N/A       100%        5
 Dispersal                Tloc           0%         N/A       100%        6
 Disjunction              Tloc           0%         N/A       100%        8


Dungeon Overview and Level Annotations

Branches:
Dungeon (3/15)

Altars:
Xom

Shops:
D:1 *

Annotations:
D:2 1 runed translucent door, Crazy Yiuf
D:3 Sigmund


Innate Abilities, Weirdness & Mutations

You have a pair of small antennae on your head.
You are partially covered in thin metallic scales. (AC +2)


Message History

Sigmund shouts!
Sigmund points at you and mumbles some strange words.
The puff of flame hits you. Sigmund barely misses you.
You riposte.
You barely miss Sigmund. You hit Sigmund.
Sigmund gestures at you while chanting. The puff of flame hits you.
You closely miss Sigmund. Sigmund gestures at you while chanting.
The magic dart hits you but does no damage.
You completely miss Sigmund. Sigmund barely misses you. x2
You hit Sigmund but do no damage. Sigmund closely misses you.
You riposte.
You hit Sigmund. You barely miss Sigmund. Sigmund barely misses you.
You riposte.
You hit Sigmund. You hit Sigmund but do no damage.
Sigmund hits you with a +0 scythe.
You hit Sigmund. Sigmund barely misses you.
You closely miss Sigmund. Sigmund barely misses you.
You hit Sigmund but do no damage. Sigmund gestures at you while chanting.
You are confused.
Unknown command.
Okay, then.
Your +0 dagger of venom begins to drip with poison!
n - a +0 dagger of venom (weapon)
Sigmund barely misses you.
You hit Sigmund. Sigmund hits you with a +0 scythe!
* * * LOW HITPOINT WARNING * * *
Unknown command.
You barely miss Sigmund. Sigmund casts a spell at you. The magic dart hits you.
* * * LOW HITPOINT WARNING * * *
Unknown command.
Sigmund barely misses you.
Sigmund gestures wildly while chanting.
Sigmund flickers and vanishes!
Deactivating autopickup; reactivate with Ctrl-A.
You feel less confused. Something hits you.
* * * LOW HITPOINT WARNING * * *
You completely miss something. You hit something but do no damage.
Something hits you.
* * * LOW HITPOINT WARNING * * *
Unknown command.
Unknown command.
You closely miss something. Something hits you!
You die...

..........'.........'........##
##.#...####.........####>...##
#.##.## ##.......## ##...# #.
### ##.....## #....... #.
##...## #.#†.... #. ########'##
#.#..##.# #.........# #.#..# .#
#.######..# #... #.@#
#...{.....# #......##.#
#.#..)## ...##..# ... ...# ###
####


There were no monsters in sight!

Vanquished Creatures
  2 adders (D:3)
  A dart slug (D:1)
  An orc (D:3)
  2 ball pythons
  3 bats
  3 endoplasms
  A giant cockroach (D:1)
  4 goblins
  2 hobgoblins (D:1)
  6 jackals
  4 frilled lizards
  2 kobolds
  4 rats
35 creatures vanquished.

Notes
Turn   | Place    | Note
-------+----------+-------------------------------------------
     0 | D:1      | Brozuf the Demonspawn Monk began the quest for the Orb.
     0 | D:1      | Reached XP level 1. HP: 18/18 MP: 1/1
   164 | D:1      | Found Deofamp's Assorted Antiques.
   222 | D:1      | Gained mutation: You have a pair of small antennae on your
                  | head. [demonic ancestry]
   222 | D:1      | Reached XP level 2. HP: 16/24 MP: 2/2
  1094 | D:2      | Found a shimmering altar of Xom.
  1322 | D:2      | Found a faded altar of an unknown god.
  1376 | D:2      | Reached skill level 1 in Armour
  1460 | D:2      | Found a runed translucent door.
  1461 | D:2      | Noticed Crazy Yiuf
  1657 | D:2      | Gained mutation: You are partially covered in thin metallic
                  | scales. (AC +2) [demonic ancestry]
  1657 | D:2      | Reached XP level 3. HP: 29/29 MP: 3/3
  1687 | D:2      | You fall into a shaft and drop 1 floor!
  2292 | D:3      | Noticed Sigmund
  2314 | D:3      | Mangled by Sigmund

Illustrated notes

Levels and vault maps discovered:
D:1:      ebering_trefoil_3fold, layout_basic, serial_shops, shop_fountains,
          serial_bayou_pond_a, serial_park_tiny_1, corexii_leaking_fountain
D:2:      layout_basic, basic_altar, ebering_ecumenical_altar_hall,
          grunt_decor_cap, uniq_crazy_yiuf_cottage
D:3:      layout_loops_corners, uniq_sigmund

Skill      XL: |  1  2 |
---------------+-------+-----
Long Blades    | 3 |  3.6
Armour         | 1 |  1.3
Fighting       | |  3.5
Dodging        | |  2.6
Stealth        | |  1.7

Action                   || total
-------------------------++-------
Melee: Falchion          ||   126
       Dagger            ||     5
Evoke: Wand              ||     2
 Stab: Sleeping          ||     2
Armor: Robe              ||    16
       Scale mail        ||    37
Dodge: Dodged            ||    65
       Rpst.: Falchion   ||    18

Table legend: (Time is in decaauts)
 A = Elapsed time spent in this place.
 B = Non-inter-level travel time spent in this place.
 C = Inter-level travel time spent in this place.
 D = Time resting spent in this place.
 E = Time spent auto-exploring this place.
 F = Levels seen in this place.
 G = Mean time per level.
                   A        B        C        D        E       F      G
               +--------+--------+--------+--------+--------+-----+--------+
         Total |   2331 |   2245 |     86 |     94 |   1747 |   3 |  777.0 |
       Dungeon |   2331 |   2245 |     86 |     94 |   1747 |   3 |  777.0 |
               +--------+--------+--------+--------+--------+-----+--------+

Top non-repeatable levels by time:
     D:1: 1139 daAuts
     D:3: 630 daAuts
     D:2: 561 daAuts
